Map: Acid Plant LE

Players

FanTaSy - Winner!

  • Race: Terran Terran
  • League: Diamond
  • Spawn Location: 11:00

Geralt (Gerald)

  • Race: Protoss Protoss
  • League: Grandmaster
  • Spawn Location: 5:00

Event: HomeStory Cup XVII

VOD

Have the link to the VOD?

Description

Time

  • Played on: June 29, 2018, 12:22 p.m.
  • Length: 10:51

All games in this series

Show
View Real Time Build Order
Export as new Build Order

FanTaSy Terran - Winner!

Build Orders: Gas First Reaper Expand, Reaper Expand, Banshee Rush 

Get SALT Encoding   

  12  0:00  SCV  
  13  0:12  SCV  
  14  0:17  Supply Depot  
  14  0:24  SCV  
  15  0:28  Refinery  
  15  0:38  SCV  
  16  0:44  Barracks  
  16  0:50  SCV  
  17  1:03  SCV  
  18  1:15  SCV  
  19  1:31  Orbital Command, Reaper  
  20  1:42  Command Center  
  20  1:53  Factory  
  20  1:58  SCV  
  21  2:05  Refinery  
  21  2:08  Barracks Reactor  
  21  2:10  SCV  
  22  2:20  Supply Depot  
  22  2:24  SCV  
  23  2:42  Widow Mine, SCV  
  23  2:43  Marine  
  23  2:44  Marine  
  28  2:46  Starport  
  28  2:54  SCV  
  29  3:01  Marine x2  
  30  3:06  SCV  
  30  3:14  Orbital Command  
  30  3:15  Factory Tech Lab  
  30  3:18  SCV  
  30  3:20  Marine x2  
  32  3:30  SCV  
  33  3:40  SCV  
  33  3:41  Cloaking Field, Banshee  
  37  3:42  SCV  
  37  3:44  Factory Tech Lab  
  37  3:46  Marine x2  
  40  3:52  Refinery, SCV  
  40  3:54  SCV  
  42  3:57  Supply Depot  
  42  4:05  SCV  
  42  4:06  SCV  
  44  4:16  Supply Depot  
  44  4:18  Marine x2  
  44  4:19  Siege Tank  
  49  4:25  SCV x2  
  49  4:26  Banshee  
  54  4:32  Supply Depot  
  54  4:37  Marine x2  
  56  4:38  SCV x2  
  56  4:43  Supply Depot  
  57  4:51  Siege Tank  
  57  4:52  SCV x2  
  62  4:55  Marine x2  
  63  5:01  Engineering Bay  
  61  5:08  SCV  
  61  5:21  Raven  
  61  5:23  Marine x2  
  61  5:26  Orbital Command  
  61  5:27  Missile Turret  
  65  5:32  Siege Tank  
  68  5:36  SCV  
  69  5:43  Marine x2  
  69  5:46  Missile Turret  
  68  5:50  SCV  
  68  5:52  SCV  
  70  6:06  Supply Depot  
  70  6:07  Supply Depot  
  70  6:27  Marine x2  
  70  6:28  Siege Tank, Banshee, SCV x2  
  77  6:40  SCV x2  
  77  6:45  Marine x2  
  80  6:48  Command Center  
  80  6:52  SCV x2  
  82  7:02  Supply Depot  
  82  7:03  Supply Depot  
  82  7:04  SCV x2  
  82  7:05  Marine x2  
  86  7:17  SCV  
  86  7:23  Siege Tank  
  86  7:24  Marine x2, Banshee, SCV  
  86  7:29  SCV  
  93  7:36  Barracks, SCV  
  94  7:38  Barracks  
  94  7:41  SCV  
  95  7:45  Marine x2  
  95  7:48  SCV  
  92  7:53  SCV  
  92  7:58  Refinery, Terran Infantry Weapons Level 1  
  93  8:00  Refinery, Engineering Bay, SCV  
  93  8:04  Siege Tank  
  97  8:05  SCV  
  97  8:12  Supply Depot, SCV  
  98  8:14  Supply Depot  
  98  8:17  Starport Reactor  
  98  8:18  SCV  
  100  8:21  Stimpack, Marauder  
  100  8:25  Barracks, SCV  
  103  8:27  Barracks  
  103  8:28  Terran Infantry Armor Level 1  
  103  8:30  SCV  
  103  8:32  Orbital Command  
  104  8:37  SCV  
  105  8:42  SCV  
  106  8:49  Marauder x2, Marine x2, SCV  
  106  8:54  Combat Shields, Orbital Command, SCV  
  114  8:56  Medivac x2  
  114  9:00  Widow Mine  
  120  9:09  Marine x2  
  120  9:11  Marauder x2  
  124  9:18  Barracks Reactor  
  124  9:19  Barracks Tech Lab, SCV x2  
  124  9:21  Widow Mine  
  128  9:27  Marine  
  128  9:29  Medivac  
  131  9:31  SCV  
  132  9:39  Supply Depot  
  132  9:44  Supply Depot  
  132  9:45  Supply Depot  
  132  9:54  Factory Reactor  
  132  9:57  Armory  
  132  9:59  Marine  
  133  10:00  Marine x3  
  133  10:01  Marauder x2  
  133  10:03  SCV  
  133  10:06  Medivac, Marauder, SCV x2  
  147  10:14  Medivac  
  149  10:16  SCV  
  149  10:18  SCV x2  
  150  10:22  Marine x4, Marauder  
  150  10:25  Marauder  
  150  10:28  Marauder  
Show
View Real Time Build Order
Export as new Build Order

Geralt Protoss 

Build Orders: 1 Gate Expand, Blink Stalkers, Dark Templar Rush 

Get SALT Encoding   

  12  0:00  Probe  
  13  0:12  Probe  
  14  0:20  Pylon  
  14  0:24  Probe  
  15  0:34  Probe  
  15  0:42  Gateway, Probe  
  16  0:48  Assimilator  
  17  0:52  Probe  
  18  1:04  Probe  
  19  1:16  Probe  
  20  1:24  Nexus  
  20  1:28  Probe  
  21  1:36  Cybernetics Core  
  21  1:46  Probe  
  22  1:47  Pylon  
  22  1:53  Assimilator  
  22  1:58  Probe  
  23  2:06  Adept  
  23  2:10  Probe  
  26  2:16  Warp Gate  
  26  2:22  Probe  
  27  2:25  Stalker  
  27  2:34  Probe  
  29  2:38  Probe  
  29  2:39  Twilight Council  
  30  2:46  Probe  
  30  2:50  Probe  
  32  2:58  Probe  
  32  3:02  Probe  
  34  3:11  Probe  
  33  3:14  Probe  
  33  3:17  Dark Shrine  
  34  3:20  Probe  
  34  3:22  Assimilator, Stalker  
  34  3:23  Probe  
  34  3:24  Gateway  
  38  3:28  Probe  
  38  3:31  Probe  
  38  3:32  Blink  
  39  3:35  Gateway  
  39  3:37  Probe  
  41  3:44  Probe  
  42  3:49  Probe  
  42  3:50  Pylon  
  43  3:56  Probe  
  43  4:00  Pylon  
  43  4:01  Probe  
  45  4:08  Probe  
  46  4:13  Probe  
  47  4:20  Probe  
  48  4:25  Probe  
  49  4:31  Dark Templar x2  
  49  4:32  Probe, Stalker  
  49  4:37  Probe  
  55  4:40  Robotics Facility  
  55  4:44  Probe  
  56  4:51  Nexus, Probe  
  56  4:52  Pylon  
  57  5:04  Probe, Pylon  
  57  5:06  Probe  
  59  5:07  Shield Battery  
  59  5:12  Dark Templar  
  57  5:18  Stalker x2  
  57  5:20  Probe  
  57  5:21  Observer  
  60  5:29  Probe  
  60  5:33  Charge  
  60  5:36  Probe  
  60  5:41  Probe  
  59  5:44  Probe  
  58  5:53  Probe  
  59  5:58  Gateway  
  59  6:00  Gateway  
  59  6:02  Probe  
  59  6:03  Gateway, Probe  
  61  6:05  Probe  
  62  6:14  Probe  
  62  6:15  Probe  
  62  6:16  Stalker  
  62  6:17  Stalker  
  66  6:20  Stalker  
  66  6:25  Probe  
  69  6:28  Probe  
  69  6:29  Probe  
  69  6:38  Immortal  
  74  6:41  Pylon  
  74  6:45  Zealot x2  
  75  6:48  Zealot  
  77  6:58  Probe  
  77  6:59  Zealot x2  
  77  7:00  Zealot  
  86  7:04  Forge  
  80  7:08  Zealot  
  80  7:09  Zealot x2  
  71  7:25  Zealot x3  
  73  7:31  Zealot x3  
  73  7:35  Pylon  
  63  7:52  Stalker x3  
  63  7:56  Observer  
  68  8:07  Warp Prism  
  68  8:14  Zealot x3  
  74  8:20  Protoss Ground Weapons Level 1  
  75  8:31  Gateway  
  74  8:35  Zealot x2  
  74  8:39  Pylon  
  74  8:40  Pylon  
  78  8:50  Observer  
  78  9:01  Pylon  
  77  9:11  Observer  
  77  9:17  Stalker x3  
  74  9:19  Probe x2  
  74  9:21  Stalker x3  
  77  9:31  Probe  
  79  9:40  Dark Templar x4  
  79  9:45  Zealot x2  
  88  9:46  Archon x2  
  90  9:58  Pylon  
  90  10:20  Zealot x3  
  94  10:21  Dark Templar x2  
  94  10:22  Zealot x2  
Tags
 
Add a new tag
Caveats
  • Supply blocks, unpowered buildings, or Contaminate may cause inaccurate times.
  • Supply counts are checked every 10 seconds.